 Dungeon Crawl Stone Soup version 0.31.0-4-g52a2dc7128 (console) character file.

Game seed: 8826351151591298998

53 biznut the Grave Robber (level 3, 0/19 HPs)
             Began as a Deep Elf Necromancer on Jan 23, 2024.
             Was a Believer of Fedhas.
             Slain by an ufetubus (4 damage)
             ... on level 3 of the Dungeon.
             The game lasted 00:47:41 (1876 turns).

biznut the Grave Robber (Deep Elf Necromancer)      Turns: 1876, Time: 00:47:42

Health: 0/19       AC:  4    Str:  5    XL:     3   Next: 64%
Magic:  10/10      EV: 11    Int: 21    God:    Fedhas [**....]
Gold:   82         SH:  0    Dex: 15    Spells: 8/9 levels left

rFire   . . .        i - +1 dagger
rCold   . . .        (no shield)
rNeg    . . .        F - +0 leather armour
rPois   .            (no helmet)
rElec   .            D - +0 cloak
rCorr   .            (no gloves)
SInv    .            (no boots)
Will    .....        (no amulet)
Stlth   ++           (no ring)
HPRegen 0.23/turn    (no ring)
MPRegen 0.12/turn

%: no passive effects
@: no status effects
A: no striking features
a: Renounce Religion, Wall of Briars


You were on level 3 of the Dungeon.
You worshipped Fedhas.
Fedhas was pleased with you.
You visited 1 branch of the dungeon, and saw 3 of its levels.

You collected 82 gold pieces.

Inventory:

Hand Weapons
 d - a +0 short sword
 f - a +0 short sword
 h - a +0 club
 i - a +1 dagger (weapon)
 m - a +0 spear
 q - a +0 dagger
 w - a +0 whip
 A - a +0 spear
Missiles
 e - 23 stones
 x - a poisoned dart (quivered)
 B - 6 boomerangs
Armour
 a - a +0 robe
 v - a +0 robe
 y - a +0 robe
 D - a +0 cloak (worn)
 F - a +0 leather armour (worn)
Magical Staves
 z - a staff of death
Scrolls
 c - a scroll of immolation {unknown}
 j - a scroll of blinking {unknown}
 k - 2 scrolls of identify
 o - a scroll of vulnerability {unknown}
 p - 2 scrolls of teleportation {unknown}
 r - a scroll of enchant weapon
 s - a scroll of noise {unknown}
 C - a scroll of poison {unknown}
Potions
 b - a potion of magic
 g - a potion of berserk rage {unknown}
 l - a potion of cancellation {unknown}
 t - 2 potions of attraction {unknown}
 u - a potion of mutation {unknown}
 E - a potion of heal wounds {unknown}


   Skills:
 + Level 2.4 Dodging
 + Level 2.7 Stealth
 + Level 3.6 Spellcasting
 + Level 6.1 Necromancy


You had 8 spell levels left.
You knew the following spells:

 Your Spells              Type           Power      Damage    Failure   Level
a - Necrotise             Necr           100%       1d9       1%          1

Your spell library contained the following spells:

 Spells                   Type           Power      Damage    Failure   Level
 Vampiric Draining        Necr           29%        2d8       4%          3
 Animate Dead             Necr           29%        N/A       17%         4
 Curse of Agony           Necr           29%        N/A       43%         5


Dungeon Overview and Level Annotations

Branches:
Dungeon (3/15)

Altars:
Fedhas


Message History

The ufetubus hits you but does no damage.
The ufetubus hits you.
* * * LOW HITPOINT WARNING * * *
The ufetubus hits you.
* * * LOW HITPOINT WARNING * * *
The ufetubus hits you.
* * * LOW HITPOINT WARNING * * *
The ufetubus hits you but does no damage.
The ufetubus barely misses you.
You feel better. The ufetubus barely misses you. The ufetubus misses you.
The ufetubus hits you.
The ufetubus hits you but does no damage.
The ufetubus misses you.
The ufetubus hits you but does no damage.
You feel better. The ufetubus closely misses you.
The ufetubus barely misses you. The ufetubus hits you. x3
The ufetubus barely misses you.
Unknown command.
Okay, then.
Hit: i) +1 dagger
Press: ? - help, Dir - move target, f/p - ufetubus
Aim: an ufetubus (about 52% to evade your +1 dagger)
You hit the ufetubus.
You punch the ufetubus, but do no damage.
The ufetubus is moderately wounded.
The ufetubus misses you. The ufetubus barely misses you.
The ufetubus hits you but does no damage.
The ufetubus misses you. The ufetubus barely misses you.
The ufetubus hits you but does no damage.
Hit: i) +1 dagger
Press: ? - help, Dir - move target, f/p - ufetubus
Aim: an ufetubus (moderately wounded, about 52% to evade your +1 dagger)
You closely miss the ufetubus.
The ufetubus is moderately wounded.
The ufetubus barely misses you. The ufetubus completely misses you.
The ufetubus hits you.
* * * LOW HITPOINT WARNING * * *
The ufetubus hits you.
You die...
Fedhas appreciates your contribution to the ecosystem.

####..# .(.....
....... .......
.......##
........####.#
.............#
###########5.#####
#.........#.@#
#.........##5#
#.........##.#
#.........'..#
#.........##.#
#####.........##.#
......##'##'####.#
......##.##.# #..
......##'##.## ###


You could see 2 ufetubi.

Vanquished Creatures
  2 adders
  A ribbon worm (D:2)
  6 bats
  2 endoplasms (D:2)
  A giant cockroach (D:2)
  2 goblins
  4 hobgoblins
  3 jackals (D:2)
  5 kobolds
  3 ball pythons (D:1)
  3 frilled lizards (D:2)
32 creatures vanquished.

Vanquished Creatures (collateral kills)
  A rat (D:3)
1 creature vanquished.

Grand Total: 33 creatures vanquished

Notes
Turn   | Place    | Note
-------+----------+-------------------------------------------
     0 | D:1      | biznut the Deep Elf Necromancer began the quest for the
                  | Orb.
     0 | D:1      | Reached XP level 1. HP: 10/10 MP: 6/6
   110 | D:1      | Found a faded altar of an unknown god.
   116 | D:1      | Reached skill level 5 in Necromancy
   127 | D:1      | Prayed at the altar of an unknown god.
   127 | D:1      | Became a worshipper of Fedhas Madash
   127 | D:1      | Reached * piety under Fedhas
   303 | D:1      | Reached XP level 2. HP: 15/15 MP: 5/8
  1198 | D:2      | Reached XP level 3. HP: 19/19 MP: 2/10
  1628 | D:3      | Reached skill level 6 in Necromancy
  1698 | D:3      | Reached ** piety under Fedhas
  1876 | D:3      | Slain by an ufetubus

Illustrated notes

Levels and vault maps discovered:
D:1:      dpeg_arrival_ternary, layout_basic, basic_ecumenical_altar,
          minmay_misc_feat_plants
D:2:      layout_loops_ring
D:3:      layout_basic, gammafunk_ghost_mausoleum, kennysheep_cross_room

Skill      XL: |  1  2  3 |
---------------+----------+-----
Necromancy     | 5 6 |  6.1
Dodging        | |  2.4
Stealth        | |  2.7
Spellcasting   | |  3.6

Action                     || total
---------------------------++-------
  Melee: Dagger            ||     3
         Punch             ||     1
  Throw: Dart              ||     4
   Cast: Necrotise         ||    56
    Use: Scroll            ||     2
         Potion            ||     2
 Armour: Robe              ||     5
         Leather armour    ||    30
  Dodge: Dodged            ||    46
